 Dungeon Crawl Stone Soup version 0.30-a0-862-g1aabd4f9c5 (webtiles) character file.

Game seed: 4838690915142703472

5097 ders the Thaumaturge (level 10, 0/60 HPs)
             Began as a Djinni Conjurer on Mar 10, 2023.
             Was an Initiate of Ashenzari.
             Killed by an exploding fulminant prism (22 damage)
             ... on level 8 of the Dungeon.
             The game lasted 00:10:15 (7981 turns).

ders the Thaumaturge (Djinni Conjurer)              Turns: 7981, Time: 00:10:16

Health: 0/60       AC:  6    Str:  6    XL:     10   Next: 87%
Gold:   473        EV: 11    Int: 24    God:    Ashenzari [......] SH:  5 Dex: 12

rFire   + + +      SeeInvis .    g - staff of death
rCold   . . .      Faith    .    z - +2 buckler {reflect}
rNeg    + . .      Spirit   .    a - +0 robe
rPois   ∞          Reflect  +    C - +1 hat
rElec   .          Rampage  .    c - +1 cloak {Will+}
rCorr   .                        e - +0 pair of gloves
Will    ++...                    (boots unavailable)
Stlth   ++                       (no amulet)
HPRegen 0.30/turn                i - ring of protection from cold
MPRegen 0.00/turn                y - ring of protection from fire

@: flying
A: sickness immunity, fire resistance 2, cold vulnerability 1, float, innate
caster, HP casting, extra vitality 1
a: Renounce Religion, Curse Item


You were on level 8 of the Dungeon.
You worshipped Ashenzari.
Ashenzari was noncommittal.
You visited 2 branches of the dungeon, and saw 9 of its levels.

You collected 531 gold pieces.
You spent 58 gold pieces at shops.

Inventory:

Missiles
 E - 2 throwing nets
Armour
 a - a +0 robe (worn)
 c - a +1 cloak of willpower (worn)
 e - a +0 pair of gloves (worn)
 z - a +2 buckler of reflection (worn)
 C - a +1 hat (worn)
Magical Staves
 g - a staff of death (weapon)
 F - a staff of conjuration
Jewellery
 i - a ring of protection from cold (left hand)
 v - a ring of ice
 y - a ring of protection from fire (right hand)
 H - a ring of willpower
Wands
 r - a wand of charming (6)
 w - a wand of quicksilver (8)
 G - a wand of mindburst (12)
 L - a wand of flame (17)
Scrolls
 f - 3 scrolls of enchant armour
 k - 2 scrolls of torment
 l - a scroll of brand weapon
 m - 2 scrolls of enchant weapon
 n - 2 scrolls of magic mapping
 p - a scroll of immolation
 u - 3 scrolls of noise
 x - a scroll of fog {unknown}
 A - 2 scrolls of teleportation
 D - 7 scrolls of identify
Potions
 b - 3 potions of resistance {unknown}
 d - 2 potions of lignification {unknown}
 h - 3 potions of flight {unknown}
 j - 2 potions of haste
 o - 2 potions of might {unknown}
 q - 4 potions of curing
 s - a potion of attraction {unknown}
 t - 3 potions of mutation {unknown}
 B - a potion of berserk rage {unknown}
 I - a potion of brilliance {unknown}
 J - a potion of heal wounds {unknown}
 K - a potion of invisibility {unknown}


   Skills:
 - Level 2.1 Dodging
 - Level 1.5 Stealth
 + Level 12.2 Spellcasting


You knew the following spells:

 Your Spells              Type           Power      Damage    Failure   Level
a - Magic Dart            Conj           100%       1d8       1%          1
b - Stone Arrow           Conj/Erth      100%       3d13      1%          3
c - Dazzling Flash        Conj/Hex       100%       N/A       1%          3
d - Fulminant Prism       Conj/Hex       32%        3d16      1%          4
e - Iskenderun's Mystic   Conj/Tloc      65%        2d13      1%          4
f - Foxfire               Conj/Fire      100%       2x1d9     1%          1
g - Blink                 Tloc           100%       N/A       1%          2
h - Poisonous Vapours     Pois/Air       100%       N/A       1%          2
i - Searing Ray           Conj           100%       2d8       1%          2
Your spell library was empty.

Dungeon Overview and Level Annotations

Branches:
Dungeon (8/15)             Temple (1/1) D:4
   Lair: D:8-11

Altars:
Ashenzari
Cheibriados
Dithmenos
Elyvilon
Fedhas
Gozag
Hepliaklqana
Makhleb
Nemelex Xobeh
Okawaru
Qazlal
Ru
Uskayaw
Wu Jian
Xom
Yredelemnul
Zin
The Shining One

Shops:
D:4 [   D:6 =

Annotations:
D:3 3 runed translucent doors, librariansheart's ghost, amateur GrFE


Innate Abilities, Weirdness & Mutations

You are immune to sickness and miasma.
You are immune to poison.
Your flesh is very heat resistant. (rF++)
You are vulnerable to cold. (rC-)
You float through the air rather than walking.
You learn spells naturally, not from books.
Your magical power is your life essence.
You have superior vitality. (+4 MHP)


Message History

Aim: an orc wizard, wielding a +0 dagger and wearing a +0 robe (72% to hit)
The stone arrow hits the orc wizard!
The orc wizard is severely wounded.
The two-headed ogre shouts in stereo!
The orc wizard shouts!
The orc wizard casts a spell.
The orc wizard flickers and vanishes!
Deactivating autopickup; reactivate with Ctrl-A.
Unknown command.
Casting: Stone Arrow (safe; 1% risk of failure)
Confirm with . or Enter, or press ? or * to list all spells.
Aiming: Stone Arrow (safe; 1% risk of failure)
Press: ? - help, Shift-Dir - straight line, f/p - orc wizard
Aim: an orc wizard, wielding a +0 dagger and wearing a +0 robe (severely wounded, 72% to hit)
The stone arrow misses the orc wizard.
Unknown command.
Casting: Stone Arrow (safe; 1% risk of failure)
Confirm with . or Enter, or press ? or * to list all spells.
Aiming: Fulminant Prism (safe; 1% risk of failure)
Press: ? - help, Dir - move target, p - orc wizard You conjure a prism of explosive energy!
A fulminant prism comes into view.
The orc priest casts a cantrip, but nothing happens.
The orc wizard hits your fulminant prism but does no damage.
The orc priest invokes the aid of Beogh against you.
Beogh smites you!
Your fulminant prism crackles loudly.
The orc priest calls down the wrath of Beogh upon you.
Beogh smites you!
Your fulminant prism explodes!
The blast of energy engulfs the two-headed ogre!!
The two-headed ogre is heavily wounded.
The blast of energy engulfs the orc priest!!
You kill the orc priest!
The blast of energy engulfs something!!
Reactivating autopickup.
You feel a bit more experienced.
The blast of energy engulfs the orc wizard!!
You kill the orc wizard!
The blast of energy engulfs you!!
You die...

#...........
.##..>.........
#. ...........#.
#.##...........#
..#))........#
#.#..O......#
#.##.......#
#### #..##..)..#
...# #......@..#
...##
#..#####..#
....# ##.## ...#
....## #.## #..#
.....# ##.# #..#
.....###.## #..#
.....##...##
#..#
.......#...###
#..##
#....#####...###
#...#


You could see a two-headed ogre.

Vanquished Creatures
  A two-headed ogre (D:8)
  Erica (D:8)
  Amaemon (D:8)
  Joseph (D:7)
  An orange demon (D:8)
  4 yaks (D:6)
  2 sky beasts (D:7)
  An ice beast (D:7)
  2 ogres
  A black bear (D:4)
  A phantom (D:5)
  2 centaurs
  3 bullfrogs
  2 scorpions (D:5)
  5 wights (D:5)
  3 killer bees (D:8)
  3 hounds
  3 orc priests
  3 gnoll boudas
  4 jellies
  A sleepcap (D:6)
  Ijyb (D:4)
  6 orc wizards
  17 gnolls
  3 adders
  2 shadow imps (D:6)
  2 worms (D:3)
  4 dart slugs
  29 orcs
  9 bats
  7 endoplasms
  2 giant cockroaches
  6 goblins
  10 hobgoblins
  6 jackals
  2 quokkas
  7 ball pythons
  2 frilled lizards (D:3)
  8 kobolds
  9 rats
  2 fulminant prisms
179 creatures vanquished.

Vanquished Creatures (others)
  40 fulminant prisms
  A plant (D:1)
41 creatures vanquished.

Grand Total: 220 creatures vanquished

Notes
Turn   | Place    | Note
-------+----------+-------------------------------------------
     0 | D:1      | ders the Djinni Conjurer began the quest for the Orb.
     0 | D:1      | ders set off with the following spells memorised: Magic
                  | Dart, Searing Ray, Dazzling Flash, Fulminant Prism,
                  | Iskenderun's Mystic Blast.
     0 | D:1      | Reached XP level 1. HP: 15/15 MP: 0/0
   237 | D:1      | Reached XP level 2. HP: 18/21 MP: 0/0
   581 | D:1      | Reached XP level 3. HP: 23/25 MP: 0/0
   581 | D:1      | Learned a level 1 spell: Foxfire
   751 | D:1      | Reached skill level 4 in Spellcasting
   962 | D:1      | Found a faded altar of an unknown god.
  1128 | D:2      | Reached XP level 4. HP: 27/31 MP: 0/0
  2142 | D:3      | Reached XP level 5. HP: 29/35 MP: 0/0
  2142 | D:3      | Learned a level 2 spell: Blink
  2301 | D:3      | Found a runed translucent gate.
  2304 | D:3      | Found a runed translucent gate.
  2305 | D:3      | Found a runed translucent gate.
  2306 | D:3      | Noticed librariansheart's ghost (amateur GrFE)
  2306 | D:3      | Identified the +0 mace of Utafom {freeze, Str+4 Int+3}
  2441 | D:4      | Noticed a black bear
  2441 | D:4      | Noticed an ogre
  2508 | D:4      | Noticed Ijyb
  2660 | D:4      | Reached skill level 5 in Spellcasting
  2677 | D:4      | Killed a black bear
  2678 | D:4      | Reached XP level 6. HP: 21/40 MP: 0/0
  2756 | D:3      | Reached skill level 6 in Spellcasting
  2955 | D:4      | Reached XP level 7. HP: 33/45 MP: 0/0
  2955 | D:4      | Learned a level 2 spell: Poisonous Vapours
  3024 | D:4      | Killed Ijyb
  3153 | D:4      | Found a staircase to the Ecumenical Temple.
  3182 | Temple   | Entered the Ecumenical Temple
  3371 | Temple   | Became a worshipper of Ashenzari the Shackled
  3621 | D:4      | Found Jofad's Armour Boutique.
  3689 | D:4      | Bought a +0 pair of gloves for 58 gold pieces
  3708 | D:5      | Entered Level 5 of the Dungeon
  3732 | D:5      | Reached skill level 7 in Spellcasting
  3850 | D:5      | Reached XP level 8. HP: 42/50 MP: 0/0
  4253 | D:5      | Reached skill level 8 in Spellcasting
  5377 | D:6      | Reached XP level 9. HP: 51/55 MP: 0/0
  5377 | D:6      | Learned a level 3 spell: Stone Arrow
  5408 | D:6      | Found a blossoming altar of Fedhas.
  5408 | D:6      | Found an ornate altar of the Wu Jian Council.
  5413 | D:6      | Found a stormy altar of Qazlal.
  5415 | D:6      | Found a shimmering altar of Xom.
  5438 | D:6      | Reached skill level 9 in Spellcasting
  5638 | D:6      | Found Uzexzape's Jewellery Shoppe.
  6397 | D:7      | Reached skill level 10 in Spellcasting
  6399 | D:7      | Noticed Joseph
  6410 | D:7      | Killed Joseph
  6721 | D:7      | Reached XP level 10. HP: 49/60 MP: 0/0
  7119 | D:8      | Noticed Erica
  7119 | D:8      | Noticed a two-headed ogre
  7127 | D:8      | Killed a two-headed ogre
  7128 | D:8      | Reached skill level 11 in Spellcasting
  7349 | D:8      | Killed Erica
  7464 | D:8      | Noticed an orange demon
  7465 | D:8      | Noticed Amaemon
  7475 | D:8      | Killed an orange demon
  7478 | D:8      | Killed Amaemon
  7479 | D:8      | Reached skill level 12 in Spellcasting
  7732 | D:8      | Found a white marble altar of Elyvilon.
  7976 | D:8      | Noticed a two-headed ogre
  7981 | D:8      | Killed by an exploding fulminant prism

Illustrated notes

Levels and vault maps discovered:
D:1:      reono_arrival_mine, layout_loops_corners,
          shapermc_ecumenical_altar_mp_ritualfount
D:2:      layout_rooms, minmay_misc_feat_plants, st_stairs_1
D:3:      layout_loops_ring, biasface_ghost_orc_armoury
D:4:      layout_rooms, minmay_temple_entry_offerings, serial_shops,
          kennysheep_mini_moat, hangedman_decor_opposing, uniq_ijyb
D:5:      layout_basic, minivault_24, minmay_misc_feat_alley
D:6:      layout_basic, grunt_temple_overflow_open, serial_shops,
          shop_fountains, chequers_garden, nicolae_nh_ransacked_shop
D:7:      layout_rooms, nicolae_hexahallways, uniq_joseph
D:8:      layout_cave_pods, lemuel_crystal_altar, uniq_amaemon, uniq_erica,
          uniq_grum
Temple:   nicolae_temple_superstar

Skill      XL: |  1  2  3  4  5  6  7  8  9 10 |
---------------+-------------------------------+-----
Spellcasting   | 4 5 6 7 8 10 12 | 12.2
Dodging        | |  2.1
Stealth        | |  1.5

Action                     |  1- 3 |  4- 6 |  7- 9 | 10-12 || total
---------------------------+-------+-------+-------+-------++-------
   Cast: Magic Dart        |    61 |   101 |    60 |     2 ||   224
         Searing Ray       |     2 |    17 |    21 |       ||    40
         Fulminant Prism   |       |     5 |    24 |    13 ||    42
         Iskenderun's Myst |       |     3 |    19 |     7 ||    29
         Blink             |       |       |     1 |       ||     1
         Stone Arrow       |       |       |    24 |    10 ||    34
    Use: Scroll            |       |       |     9 |       ||     9
 Armour: Robe              |     1 |     6 |     5 |     1 ||    13
  Dodge: Dodged            |     9 |    21 |     7 |     9 ||    46
  Block: Buckler           |       |       |     5 |     4 ||     9
         Reflection        |       |       |     1 |     2 ||     3

Table legend: (Time is in decaauts)
 A = Elapsed time spent in this place.
 B = Non-inter-level travel time spent in this place.
 C = Inter-level travel time spent in this place.
 D = Time resting spent in this place.
 E = Time spent auto-exploring this place.
 F = Levels seen in this place.
 G = Mean time per level.
                   A        B        C        D        E       F      G
               +--------+--------+--------+--------+--------+-----+--------+
         Total |   7982 |   7649 |    333 |   1466 |   5365 |   9 |  886.9 |
       Dungeon |   7781 |   7464 |    317 |   1466 |   5196 |   8 |  972.6 |
        Temple |    200 |    184 |     16 |      0 |    169 |   1 |  200.0 |
               +--------+--------+--------+--------+--------+-----+--------+

Top non-repeatable levels by time:
     D:6: 1245 daAuts
     D:5: 1237 daAuts
     D:3: 1176 daAuts
     D:1: 989 daAuts
     D:7: 961 daAuts
     D:4: 785 daAuts
     D:8: 720 daAuts
     D:2: 666 daAuts
  Temple: 200 daAuts
